 Dungeon Crawl Stone Soup version 0.23.1 (webtiles) character file.

Game seed: 11839597920529765149

2486 misha the Spear-Bearer (level 9, 0/70 HPs)
             Began as a Merfolk Berserker on Mar 2, 2019.
             Was a Priest of Trog.
             Slain by an orc knight
             ... wielding a +0 trident
              (8 damage)
             ... in a bailey.
             The game lasted 00:25:52 (8726 turns).

misha the Spear-Bearer (Merfolk Berserker)          Turns: 8726, Time: 00:25:53

Health: 0/70       AC: 11    Str: 19    XL:     9   Next: 52%
Magic:  9/9        EV:  5    Int:  6    God:    Trog [***...]
Gold:   394        SH:  9    Dex: 13    Spells: 8/8 levels left

rFire    . . .     SeeInvis .   a - +0 spear
rCold    . . .     Gourm    .   B - +3 warlock's mirror {reflect}
rNeg     . . .     Faith    .   p - +0 plate armour
rPois    .         Spirit   .   t - +0 helmet
rElec    .         Reflect  +   (no cloak)
rCorr    .         Harm     .   (no gloves)
MR       .....                  (no boots)
Stlth    ..........             i - +3 amulet of reflection
HPRegen  0.21/turn              (no ring)
MPRegen  0.11/turn              (no ring)

@: berserk cooldown, hasted and slowed
A: change form in water, swift swim, stealthy swim, blink, frail 1, weak 1,
subdued magic 1
a: Blink, Berserk, Trog's Hand, Renounce Religion


You were in a bailey.
You worshipped Trog.
Trog was most pleased with you.
You were not hungry.

You visited 1 branch of the dungeon, and saw 7 of its levels.
You also visited: Bailey.

You collected 394 gold pieces.

Inventory:

Hand Weapons
 a - a +0 spear (weapon)
Missiles
 e - 193 stones (quivered)
 j - 71 sling bullets
 l - 10 poisoned needles
 q - 9 tomahawks
 u - 3 curare-tipped needles
 A - 2 needles of confusion
Armour
 p - a +0 plate armour (worn)
 t - a +0 helmet (worn)
 B - the +3 warlock's mirror (worn) {reflect}
   (You found it on level 6 of the Dungeon)
Jewellery
 i - a +3 amulet of reflection (around neck)
 y - an uncursed amulet of magic regeneration {unknown}
 z - a cursed ring of attention {unknown}
Wands
 D - a wand of iceblast (7)
Scrolls
 d - 2 scrolls of enchant weapon {unknown}
 g - 5 scrolls of identify {unknown}
 h - 6 scrolls of remove curse {unknown}
 k - a scroll of fear {unknown}
 m - a scroll of amnesia {unknown}
 n - a scroll of blinking {unknown}
 r - 2 scrolls of immolation {unknown}
 s - 3 scrolls of teleportation {unknown}
 w - a scroll of silence {unknown}
 x - a scroll of fog {unknown}
 E - a scroll of acquirement {unknown}
Potions
 b - a potion of mutation
 f - a potion of might
 v - a potion of curing
 C - a potion of cancellation {unknown}
 F - a potion of haste
Comestibles
 c - 9 rations


   Skills:
 + Level 10.2 Fighting
 + Level 12.9 Polearms
 - Level 1.4 Armour
 - Level 2.8 Dodging


You had 8 spell levels left.
You didn't know any spells.
Your spell library was empty.

Dungeon Overview and Level Annotations

Branches:
Dungeon (7/15)             Temple (0/1) D:5

Altars:
Dithmenos
Elyvilon
Hepliaklqana
Qazlal
Ru
Sif Muna
Uskayaw
Vehumet
Xom
Zin


Innate Abilities, Weirdness & Mutations

You revert to your normal form in water You are very nimble and swift while swimming.
You are very stealthy in the water. (Stealth+)
You can translocate small distances at will.
You are frail. (-10% HP)
You are weak. (Str -2)
Your spells are a little easier to cast, but a little less powerful.


Message History

You feel a strong urge to attack something.
The orc knight no longer looks unusually strong.
Your legs become a tail as you enter the water.
You feel your anger nearly subside.
You are no longer berserk.
You are exhausted.
You feel yourself slow down.
Items here: )) [[ a +0 trident; a +0 chain mail; a +0 spear; a +0 chain mail Your legs become a tail as you enter the water.
The orc knight hits you from afar with a +0 trident.
* * * LOW HITPOINT WARNING * * *
You block the orc knight's attack.
The orc knight hits you but does no damage.
An orc knight is nearby!
An orc knight is nearby!
An orc knight is nearby!
It was a potion of haste.
You feel yourself speed up.
The orc knight hits you from afar with a +0 trident!
You die...

∩⌠..≈§..# #..≈≈.∩#
⌠...§≈..#'#..≈≈.##
...≈≈..##.##..≈≈.#
≈§≈≈..##...##..≈.#
§..§.#' ....##)≈.#
##########.≈.#
##.........o≈.#
##..≈≈≈≈≈≈≈≈≈≈.#
##..≈≈.........@#
##..≈≈..##########
...≈≈..## ≈≈≈≈..##
.....## ######


You could see an orc knight.

Vanquished Creatures
  The ghost of ohad the Magician, a novice OpTm of Gozag (D:6)
  Pikel (D:5)
  Menkaure (D:4)
  A sky beast (D:6)
  An ice beast (D:6)
  An orc warrior (D:6)
  A phantom (D:5)
  A centaur (D:6)
  A bullfrog (D:6)
  A crimson imp (D:6)
  A centaur zombie (D:3)
  3 jellies
  7 orc priests
  2 hounds
  2 bullfrog skeletons (D:6)
  4 iguanas
  5 orc wizards
  4 worker ants
  6 adders
  3 oozes
  3 worms
  3 dart slugs
  A leopard gecko (D:3)
  22 orcs
  10 bats
  6 giant cockroaches
  7 goblins
  5 hobgoblins
  3 kobolds
  2 quokkas (D:3)
  4 frilled lizards
  4 rats
117 creatures vanquished.

Notes
Turn   | Place    | Note
-------+----------+-------------------------------------------
     0 | D:1      | misha the Merfolk Berserker began the quest for the Orb.
     0 | D:1      | Reached XP level 1. HP: 18/18 MP: 1/1
   142 | D:1      | Reached XP level 2. HP: 15/24 MP: 2/2
   577 | D:1      | Reached skill level 5 in Polearms
  1226 | D:2      | Reached XP level 3. HP: 30/30 MP: 3/3
  1433 | D:2      | Reached ** piety under Trog
  1510 | D:2      | Found a glowing silver altar of Zin.
  1510 | D:2      | Noticed an angel
  1511 | D:2      | Found a shimmering altar of Xom.
  2176 | D:3      | Reached skill level 6 in Polearms
  2176 | D:3      | Reached XP level 4. HP: 22/38 MP: 4/4
  2497 | D:3      | Reached XP level 5. HP: 30/43 MP: 5/5
  2810 | D:3      | Found a deep blue altar of Sif Muna.
  2951 | D:3      | Reached skill level 5 in Fighting
  3076 | D:3      | Reached skill level 7 in Polearms
  3662 | D:4      | Reached XP level 6. HP: 29/51 MP: 6/6
  3967 | D:4      | Noticed Menkaure
  3989 | D:4      | Killed Menkaure
  3989 | D:4      | Reached skill level 8 in Polearms
  4313 | D:4      | Reached XP level 7. HP: 58/58 MP: 7/7
  4867 | D:5      | Entered Level 5 of the Dungeon
  5009 | D:5      | Reached *** piety under Trog
  5285 | D:5      | Noticed Pikel
  5298 | D:5      | Killed Pikel
  5298 | D:5      | Reached skill level 10 in Polearms
  5298 | D:5      | Reached XP level 8. HP: 68/68 MP: 8/8
  5880 | D:5      | Found a staircase to the Ecumenical Temple.
  6214 | D:6      | Reached skill level 11 in Polearms
  6282 | D:6      | Found a runed translucent gate.
  6291 | D:6      | Found a runed translucent gate.
  6299 | D:6      | Found a runed translucent gate.
  6299 | D:6      | Noticed ohad's ghost (novice OpTm)
  6598 | D:6      | Found the +3 warlock's mirror {reflect}
  6629 | D:6      | Found a hide-covered altar of Uskayaw.
  6860 | D:6      | Reached XP level 9. HP: 52/76 MP: 9/9
  6868 | D:6      | Reached skill level 12 in Polearms
  7141 | D:6      | Found a radiant altar of Vehumet.
  7152 | D:6      | Found a stormy altar of Qazlal.
  7153 | D:6      | Found a shadowy altar of Dithmenos.
  7254 | D:6      | Killed ohad's ghost
  7254 | D:6      | Reached skill level 10 in Fighting
  7311 | D:6      | Gained mutation: You are frail. (-10% HP) [potion of
                  | mutation]
  7311 | D:6      | Gained mutation: Your spells are a little easier to cast,
                  | but a little less powerful. [potion of mutation]
  7311 | D:6      | Gained mutation: You are weak. (Str -2) [potion of
                  | mutation]
  7311 | D:6      | Gained mutation: You can translocate small distances at
                  | will. [potion of mutation]
  7868 | D:7      | Found a white marble altar of Elyvilon.
  7868 | D:7      | Found a hazy altar of Hepliaklqana.
  7874 | D:7      | Found a hide-covered altar of Uskayaw.
  7887 | D:7      | Found a flagged portal.
  7889 | D:7      | Found a sacrificial altar of Ru.
  7964 | Bailey   | Entered a bailey
  8079 | Bailey   | Noticed an orc knight
  8188 | Bailey   | Noticed an orc knight
  8188 | Bailey   | Noticed an orc knight
  8338 | Bailey   | Noticed an orc knight
  8676 | Bailey   | Noticed an orc knight
  8726 | Bailey   | Slain by an orc knight

Skill      XL: |  1  2  3  4  5  6  7  8  9 |
---------------+----------------------------+-----
Polearms       | 5 6 7 8 10 11 12 | 12.9
Fighting       | 4 5 6 7 9 10 | 10.2
Armour         | |  1.4
Dodging        | |  2.8

Action                   |  1- 3 |  4- 6 |  7- 9 || total
-------------------------+-------+-------+-------++-------
Melee: Spear             |   155 |   186 |   412 ||   753
       Tailslap          |     1 |       |       ||     1
Invok: Berserk           |       |     3 |     6 ||     9
 Abil: Blink             |       |       |     1 ||     1
  Use: Potion            |       |       |     6 ||     6
 Stab: Sleeping          |     3 |       |       ||     3
  Eat: Chunk             |     4 |     5 |    10 ||    19
       Ration            |       |     1 |     3 ||     4
Armor: Animal skin       |     9 |       |       ||     9
       Chain mail        |    25 |    44 |    79 ||   148
       Plate armour      |       |       |    11 ||    11
Dodge: Dodged            |    50 |    41 |    73 ||   164
Block: Other             |     3 |    16 |    20 ||    39
       Buckler           |       |       |    37 ||    37
       Reflection        |       |       |     1 ||     1
